 Dungeon Crawl Stone Soup version 0.27.1-15-g792fb953b9 (webtiles) character file.

Game seed: 15409126847353788484

56 croobank the Covert (level 3, -1/17 HPs)
             Began as a Felid Delver on Nov 20, 2021.
             Slain by Sigmund (9 damage)
             ... on level 2 of the Dungeon.
             The game lasted 00:24:38 (3421 turns).

croobank the Covert (Felid Delver)                  Turns: 3421, Time: 00:24:38

Health: -1/17      AC:  1    Str:  9    XL:     3   Next: 71%
Magic:  5/5        EV: 18    Int: 11    God:
Gold:   142        SH:  0    Dex: 17    Spells: 3/3 levels left
                                        Lives:  0   Deaths: 1

rFire    . . .     SeeInvis +     - Unarmed
rCold    . . .     Faith    .   (shield unavailable)
rNeg     + . .     Spirit   .   (armour unavailable)
rPois    .         Reflect  .   (helmet unavailable)
rElec    .         Harm     .   (cloak unavailable)
rCorr    .         Rampage  .   (gloves unavailable)
Will     .....                  (boots unavailable)
Stlth    ++........             (no amulet)
HPRegen  0.05/turn              f - ring of positive energy
MPRegen  0.09/turn              (no ring)

@: confused, flying, quick
A: very small, claws 1, fangs 3, see invisible, speed 1, shaggy fur 1, stealthy
paws, no weapons or thrown items, no armour, multi-lived
a: no special abilities


You were on level 2 of the Dungeon.
You visited 1 branch of the dungeon, and saw 5 of its levels.

You collected 142 gold pieces.

Inventory:

Missiles
 j - 44 stones
Jewellery
 f - a ring of positive energy (left paw)
Wands
 e - a wand of digging (3)
 i - a wand of flame (12) (quivered)
Scrolls
 a - 2 scrolls of fog
 b - a scroll of magic mapping
 c - 2 scrolls of noise
 d - 3 scrolls of identify
 g - a scroll of enchant weapon {unknown}


   Skills:
 + Level 3.2 Fighting
 + Level 3.3 Dodging
 + Level 8.0 Stealth
 + Level 2.5 Unarmed Combat
 * Level 0.9 Spellcasting
 * Level 0.9 Transmutations


You had 3 spell levels left.
You didn't know any spells.
Your spell library contained the following spells:

 Spells                   Type           Power      Damage    Failure   Level
 Sublimation of Blood     Necr           0%         N/A       45%         2
 Ozocubu's Armour         Ice            0%         N/A       69%         3
 Petrify                  Tmut/Erth      1%         N/A       95%         4
 Irradiate                Conj/Tmut      0%         3d13      100%        5
 Ozocubu's Refrigeration  Ice            0%         4d5       100%        7


Dungeon Overview and Level Annotations

Branches:
Dungeon (5/15)
 Temple: D:4-7

Altars:

Annotations:
D:2 Sigmund
D:3 Ijyb


Innate Abilities, Weirdness & Mutations

You have sharp claws.
You have razor-sharp teeth.
You have supernaturally acute eyesight. (SInv)
You cover ground quickly. (Speed+)
You are covered in fur. (AC +1)
Your paws help you pounce on unaware monsters.
You are incapable of wielding weapons or throwing items.
You cannot wear armour.
You gain extra lives every three experience levels.


Message History

Aiming: Throw Flame
Press: ? - help, Q - select action Shift-Dir - straight line, f/p - Sigmund
Aim: Sigmund, wielding a +2 scythe of protection and wearing a +0 robe (lightly wounded, 64% to hit)
The puff of flame hits Sigmund.
Sigmund is moderately wounded.
Aiming: Throw Flame
Press: ? - help, Q - select action Shift-Dir - straight line, f/p - Sigmund
Aim: Sigmund, wielding a +2 scythe of protection and wearing a +0 robe (moderately wounded, 64% to hit)
The puff of flame hits Sigmund but does no damage.
Sigmund is moderately wounded.
Aiming: Throw Flame
Press: ? - help, Q - select action Shift-Dir - straight line, f/p - Sigmund
Aim: Sigmund, wielding a +2 scythe of protection and wearing a +0 robe (moderately wounded, 64% to hit)
The puff of flame misses Sigmund.
Sigmund closely misses you.
Aiming: Throw Flame
Press: ? - help, Q - select action Shift-Dir - straight line, f/p - Sigmund
Aim: Sigmund, wielding a +2 scythe of protection and wearing a +0 robe (moderately wounded, 64% to hit)
The puff of flame misses Sigmund.
Sigmund casts a spell.
Sigmund flickers and vanishes for a moment.
Aiming: Throw Flame
Press: ? - help, Q - select action Shift-Dir - straight line, f/p - Sigmund
Aim: Sigmund, wielding a +2 scythe of protection and wearing a +0 robe (moderately wounded, slightly transparent, 64% to hit)
The puff of flame hits Sigmund but does no damage.
Sigmund is moderately wounded.
Sigmund gestures at you while chanting.
You are confused.
It was a potion of flight.
You feel very buoyant.
You fly up into the air.
Sigmund hits you from afar with a +2 scythe of protection!
Ouch! That really hurt!
You are too confused!
You aren't carrying any potions.
You are too confused!
You are too confused!
Sigmund hits you from afar with a +2 scythe of protection!
Ouch! That really hurt!
You die...

...# #.....#
#....# ...# #####
#....######...#
...# #...#
#...###..###..#
...# #...#
#..###....###.#
.#######.).#
#..##......##.#
...........#
##.............#
###.####...#
##.@..####.#.####
#.#......#
#..#####.....#
###...##...#
###@## #.#####
......##...###...#
#.#
......#######..###
#.#
####...#......##
#.# #.....######
#.# #....### ##.##
##..#...#
#####...#
###...###.##
#.....#.# #...#.#
#..# #.#####.#


You could see Sigmund (invisible).

Vanquished Creatures
  3 adders
  A dart slug (D:2)
  A worm (D:3)
  2 orcs (D:3)
  7 ball pythons
  3 bats (D:1)
  13 endoplasms
  2 giant cockroaches (D:1)
  10 hobgoblins
  A jackal (D:2)
  A quokka (D:2)
  4 frilled lizards
  5 goblins
  7 kobolds
  5 rats
65 creatures vanquished.

Notes
Turn   | Place    | Note
-------+----------+-------------------------------------------
     0 | D:5      | croobank the Felid Delver began the quest for the Orb.
     0 | D:5      | Reached XP level 1. HP: 10/10 MP: 2/2
   118 | D:3      | Noticed Ijyb
   184 | D:3      | Reached skill level 7 in Stealth
   184 | D:3      | Reached XP level 2. HP: 14/14 MP: 3/3
   886 | D:1      | Reached XP level 3. HP: 17/17 MP: 4/4
  1926 | D:2      | Reached XP level 4. HP: 9/21 MP: 5/5
  2646 | D:2      | Noticed Sigmund
  2822 | D:2      | Killed from afar by Sigmund
  2823 | D:2      | Reached XP level 3. HP: -2/17 MP: 5/5
  2849 | D:2      | Reached skill level 8 in Stealth
  3421 | D:2      | Slain by Sigmund

Illustrated notes

Levels and vault maps discovered:
D:1:      lightli_molten_gateway, layout_basic
D:2:      minmay_evil_eye, layout_rooms, minivault_19, uniq_sigmund
D:3:      layout_loops_ring, uniq_ijyb
D:4:      layout_loops_corners, minmay_temple_entry_large_hall, serial_shops,
          shop
D:5:      layout_gridville, general_overflow_altar,
          mainiacjoe_overflow_catwalk_spiral, uniq_edmund, uniq_blork_the_orc

Skill      XL: |  1  2  3 |
---------------+----------+-----
Stealth        | 7 8 |  8.0
Dodging        | 3 |  3.3
Fighting       | |  3.2
Unarmed Combat | |  2.5
Spellcasting   | |  0.9
Transmutations | |  0.9

Action                   |  1- 3 |  4- 6 || total
-------------------------+-------+-------++-------
Melee: Unarmed           |   121 |    49 ||   170
       Bite              |     9 |     2 ||    11
       Punch             |     1 |     1 ||     2
Evoke: Wand              |     9 |       ||     9
  Use: Scroll            |     4 |     2 ||     6
       Potion            |     5 |     1 ||     6
 Stab: Sleeping          |    15 |     4 ||    19
       Distracted        |       |     1 ||     1
Armor: Skin              |     4 |     1 ||     5
Dodge: Dodged            |    66 |    25 ||    91
